 Dungeon Crawl Stone Soup version 0.25.0-46-gbd7b0854d2 (webtiles) character file.

Game seed: 10224301268577540699

226 protoss039 the Magician (level 5, -1/35 HPs)
             Began as a Demonspawn Fire Elementalist on July 14, 2020.
             Slain by Terence
             ... wielding a +4 mace of holy wrath
              (12 damage)
             ... on level 3 of the Dungeon.
             The game lasted 00:11:32 (4917 turns).

protoss039 the Magician (DsFE)                      Turns: 4917, Time: 00:11:33

Health: -1/35      AC:  2    Str:  9    XL:     5   Next: 69%
Magic:  8/12       EV: 12    Int: 17    God:
Gold:   148        SH:  0    Dex: 13    Spells: 12/13 levels left

rFire    + . .     SeeInvis .   i - +0 short sword
rCold    . . .     Gourm    .   (no shield)
rNeg     . . .     Faith    .   a - +0 robe
rPois    +         Spirit   .   (no helmet)
rElec    .         Reflect  .   (no cloak)
rCorr    .         Harm     .   (no gloves)
MR       .....                  (no boots)
Stlth    ++........             j - amulet of the acrobat
HPRegen  0.11/turn              e - ring of protection from fire
MPRegen  0.13/turn              f - ring of poison resistance

@: very slightly contaminated
A: claws 2
a: no special abilities


You were on level 3 of the Dungeon.
You were not hungry.

You visited 1 branch of the dungeon, and saw 3 of its levels.

You collected 148 gold pieces.

Inventory:

Hand Weapons
 i - a +0 short sword (weapon)
Armour
 a - a +0 robe (worn)
 g - a +2 buckler
Jewellery
 e - a ring of protection from fire (left claw)
 f - a ring of poison resistance (right claw)
 j - an amulet of the acrobat (around neck)
 m - an uncursed ring of positive energy
Scrolls
 d - a scroll of amnesia {unknown}
 k - a scroll of teleportation {unknown}
 o - a scroll of fear {unknown}
 p - a scroll of noise {unknown}
 q - a scroll of enchant weapon {unknown}
 r - 2 scrolls of random uselessness {unknown}
 t - a scroll of blinking {unknown}
 u - 2 scrolls of remove curse {unknown}
Potions
 b - a potion of curing
 l - a potion of ambrosia {unknown}
 n - a potion of lignification {unknown}
 s - a potion of stabbing {unknown}
 v - a potion of heal wounds {unknown}
Comestibles
 c - 8 rations


   Skills:
 - Level 2.0 Dodging
 - Level 2.0 Stealth
 * Level 1.4 Shields
 + Level 4.7 Spellcasting
 - Level 1.0 Conjurations
 - Level 3.2 Fire Magic


You had 12 spell levels left.
You knew the following spells:

 Your Spells              Type           Power        Failure   Level  Hunger
a - Foxfire               Conj/Fire      ##..         6%          1    None

Your spell library contained the following spells:

 Spells                   Type           Power        Failure   Level  Hunger
 Conjure Flame            Conj/Fire      ##......     19%         3    ###....
 Inner Flame              Hex/Fire       #.......     22%         3    ###....
 Sticky Flame             Conj/Fire      ##......     52%         4    ####...
 Fireball                 Conj/Fire      ##........   86%         5    ######.


Dungeon Overview and Level Annotations

Branches:
Dungeon (3/15)

Altars:

Annotations:
D:3 Terence


Innate Abilities, Weirdness & Mutations

You have very sharp fingernails.


Message History

Unknown command.
Casting: Foxfire (safe; 6% risk of failure)
Confirm with . or Enter, or press ? or * to list all spells.
You conjure some foxfire!
The foxfire hits Terence.
Terence is moderately wounded.
Terence hits you with a +4 mace of holy wrath!
You convulse!
Unknown command.
Unknown command.
Casting: Foxfire (safe; 6% risk of failure)
Confirm with . or Enter, or press ? or * to list all spells.
You conjure some foxfire!
The foxfire hits Terence.
Terence is moderately wounded.
The foxfire hits Terence but does no damage.
Terence is moderately wounded.
The foxfire hits Terence.
Terence is severely wounded.
Terence hits you with a +4 mace of holy wrath!
You convulse!
You die...

..# ##.#.#.#...........# # ..#
#..))..####......### # #.#
##...### #.###).... # #.# ##...#
#.# #.#### # #.# ###.#.###
#.###....# # #.#####)..#...#
#........# ###### #.......#####.#
######.... .....# #######.v.#...#
#......
####.###....<).@@#...######......
#.....#####.#.ยง.#.............
####### ##.###..####....#.#.
#..#.#.# #......#. #......#
#)....... ###.#### ##)#.####
##.## #)#..... #...#### #)######
#......####.### ##


You could see Terence.

Vanquished Creatures
  An orc priest (D:3)
  Robin (D:3)
  A gnoll (D:1)
  6 adders
  A worm (D:3)
  3 dart slugs
  4 leopard geckos
  11 orcs (D:3)
  A ball python (D:2)
  5 giant cockroaches
  15 goblins
  12 hobgoblins
  7 jackals (D:2)
  A quokka (D:3)
  8 bats
  2 frilled lizards (D:3)
  9 kobolds
  6 rats
94 creatures vanquished.

Vanquished Creatures (others)
  242 foxfires
242 creatures vanquished.

Grand Total: 336 creatures vanquished

Notes
Turn   | Place    | Note
-------+----------+-------------------------------------------
     0 | D:1      | protoss039 the Demonspawn Fire Elementalist began the quest
                  | for the Orb.
     0 | D:1      | Reached XP level 1. HP: 13/13 MP: 3/3
   597 | D:1      | Gained mutation: You have sharp fingernails. [demonic
                  | ancestry]
   597 | D:1      | Reached XP level 2. HP: 8/19 MP: 3/5
  1870 | D:2      | Reached XP level 3. HP: 24/24 MP: 3/6
  2219 | D:2      | Reached skill level 3 in Spellcasting
  2466 | D:2      | Gained mutation: You have very sharp fingernails. [demonic
                  | ancestry]
  2466 | D:2      | Reached XP level 4. HP: 26/30 MP: 5/9
  3617 | D:3      | Reached skill level 4 in Spellcasting
  3617 | D:3      | Reached XP level 5. HP: 25/35 MP: 3/11
  3648 | D:3      | Reached skill level 1 in Shields
  3924 | D:3      | Noticed Robin
  3931 | D:3      | Killed Robin
  4902 | D:3      | Noticed Terence
  4917 | D:3      | Slain by Terence

Illustrated notes

Levels and vault maps discovered:
D:1:      tarquinn_simple_flora_water_f, layout_basic
D:2:      layout_loops_corners, kennysheep_nondescript
D:3:      minmay_diamond_boxcup, layout_loops_cross, first_ration,
          minmay_misc_feat_enclosed, uniq_terence, uniq_robin

Skill      XL: |  1  2  3  4  5 |
---------------+----------------+-----
Dodging        | 2 |  2.0
Fire Magic     | 3 |  3.2
Stealth        | 2 |  2.0
Spellcasting   | 3 4 |  4.7
Shields        | 1 |  1.4
Conjurations   | |  1.0

Action                   |  1- 3 |  4- 6 || total
-------------------------+-------+-------++-------
Melee: Unarmed           |    19 |       ||    19
       Short sword       |     9 |    61 ||    70
 Cast: Foxfire           |    46 |   131 ||   177
  Use: Potion            |     3 |       ||     3
 Stab: Sleeping          |     3 |     3 ||     6
  Eat: Chunk             |     2 |     7 ||     9
       Ration            |     1 |       ||     1
Armor: Robe              |     9 |    26 ||    35
Dodge: Dodged            |    27 |   126 ||   153
